 Dungeon Crawl Stone Soup version 0.19-a0-1714-gcab94ab (webtiles) character file.

117 Lochraine the Chiller (level 5, -9/35 HPs)
             Began as a Merfolk Ice Elementalist on Sept 28, 2016.
             Mangled by a crocodile (17 damage)
             ... on level 3 of the Dungeon.
             The game lasted 00:13:27 (2397 turns).

Lochraine the Chiller (Merfolk Ice Elementalist)    Turns: 2397, Time: 00:13:28

Health: -9/35      AC:  4    Str:  8    XL:     5   Next: 1%
Magic:  3/8        EV: 12    Int: 15    God:
Gold:   77         SH:  0    Dex: 15    Spells: 3 memorised, 2 levels left

rFire  . . .     SeeInvis .     v - +0 falchion
rCold  . . .     Gourm    .     l - +0 leather armour (curse)
rNeg   . . .     Faith    .     (no shield)
rPois  .         Spirit   .     (no helmet)
rElec  .         Dismiss  .     (no cloak)
rCorr  .         Reflect  .     (no gloves)
MR     .....     Harm     .     (no boots)
Stlth  ++........ Rnd*Tele +    r - amulet of magic regeneration
                                u - ring of wizardry
                                q - ring of teleportation (curse)

@: no status effects
A: change form in water, swift swim, stealthy swim
a: no special abilities


You were on level 3 of the Dungeon.
You were not hungry.

You visited 1 branch of the dungeon, and saw 3 of its levels.

You collected 77 gold pieces.

Inventory:

Hand Weapons
 o - a +0 short sword
 v - a +0 falchion (weapon)
 w - a +1 vampiric whip
Armour
 a - a +0 robe
 g - a +0 ring mail
 l - a cursed +0 leather armour (worn)
Jewellery
 q - a cursed ring of teleportation (left hand)
 r - an amulet of magic regeneration (around neck)
 u - a ring of wizardry (right hand)
Scrolls
 e - a scroll of remove curse {unknown}
 h - a scroll of amnesia
 i - 2 scrolls of identify
 m - a scroll of enchant armour {unknown}
 n - 2 scrolls of random uselessness {unknown}
 s - a scroll of teleportation {unknown}
Potions
 j - a potion of degeneration {unknown}
 k - 2 potions of berserk rage {unknown}
 t - a potion of curing {unknown}
Books
 b - a book of Frost

   Spells                             Type                      Level
   a - Freeze                         Ice                          1
   b - Throw Frost                    Conjuration/Ice              2
   c - Ozocubu's Armour               Charms/Ice                   3
   d - Throw Icicle                   Conjuration/Ice              4
   e - Summon Ice Beast               Ice/Summoning                4
Comestibles
 c - 2 bread rations
 d - a royal jelly
 f - 3 meat rations
 p - 3 beef jerkies


   Skills:
 - Level 2.6 Dodging
 - Level 2.1 Stealth
 - Level 2.0 Spellcasting
 + Level 2.8 Conjurations
 + Level 0.9 Charms
 - Level 4.4 Ice Magic


You had 2 spell levels left.
You knew the following spells:

 Your Spells              Type           Power        Failure   Level  Hunger
a - Freeze                Ice            ##..         3%          1    #......
b - Throw Frost           Conj/Ice       ##....       4%          2    ###....
c - Ozocubu's Armour      Chrm/Ice       #.......     14%         3    ###....


Dungeon Overview and Level Annotations

Branches:
Dungeon (3/15)

Altars:
Ashenzari
Nemelex Xobeh


Message History

Confirm with . or Enter, or press ? or * to list all spells.
Aiming: Throw Frost
Press: ? - help, Shift-Dir - straight line, f/p - crocodile
Aim: a crocodile (moderately wounded)
The puff of frost hits the crocodile.
The crocodile is heavily wounded.
Casting: Throw Frost
Confirm with . or Enter, or press ? or * to list all spells.
Aiming: Throw Frost
Press: ? - help, Shift-Dir - straight line, f/p - crocodile
Aim: a crocodile (heavily wounded)
The puff of frost hits the crocodile.
The crocodile is severely wounded.
Casting: Throw Frost
Confirm with . or Enter, or press ? or * to list all spells.
Aiming: Throw Frost
Press: ? - help, Shift-Dir - straight line, f/p - crocodile
Aim: a crocodile (severely wounded)
The puff of frost misses the crocodile.
The crocodile bites you!
You die...

#.##### .#
#.# ######
#.# #....#
#.# #.##.#
#.# #.##.#
#.# #....#
#.#
#..########.#
#..†t@......#
#.###########
#.#
#.########
#.........
##########


You could see a crocodile.

Vanquished Creatures
  Jessica (D:2)
  3 adders
  2 worms
  4 dart slugs
  A leopard gecko (D:2)
  4 bats
  2 giant cockroaches
  6 goblins
  3 hobgoblins
  2 jackals (D:2)
  A ball python (D:1)
  5 frilled lizards
  10 kobolds
  10 rats
54 creatures vanquished.

Vanquished Creatures (others)
  4 toadstools (D:1)
4 creatures vanquished.

Grand Total: 58 creatures vanquished

Notes
Turn   | Place    | Note
-------+----------+-------------------------------------------
     0 | D:1      | Lochraine the Merfolk Ice Elementalist began the quest for the Orb.
     0 | D:1      | Reached XP level 1. HP: 13/13 MP: 3/3
   265 | D:1      | Reached XP level 2. HP: 16/19 MP: 0/5
   325 | D:1      | Learned a level 2 spell: Throw Frost
   369 | D:1      | Reached skill level 4 in Ice Magic
   815 | D:1      | Reached XP level 3. HP: 24/24 MP: 3/6
   992 | D:1      | Reached skill level 1 in Conjurations
  1381 | D:2      | Found a shattered altar of Ashenzari.
  1462 | D:2      | Reached XP level 4. HP: 24/30 MP: 1/7
  1793 | D:2      | Noticed Jessica
  2037 | D:2      | Killed Jessica
  2240 | D:3      | Learned a level 3 spell: Ozocubu's Armour
  2319 | D:3      | Found a sparkling altar of Nemelex Xobeh.
  2369 | D:3      | Reached XP level 5. HP: 30/35 MP: 8/8
  2383 | D:3      | Noticed a crocodile
  2397 | D:3      | Mangled by a crocodile

Vault maps used:
D:1:      ldierk_water_garden
D:2:      kennysheep_big_flooded_room, ashenzari_altar_1, first_bread,
          uniq_jessica
D:3:      lemuel_doored_altar, kennysheep_cluttered_room, uniq_iyjb

Skill      XL: |  1  2  3 |
---------------+----------+-----
Ice Magic      | 4 |  4.4
Conjurations   | 2 |  2.8
Dodging        | |  2.6
Stealth        | |  2.1
Spellcasting   | |  2.0
Charms         | |  0.9

Action                   |  1- 3 |  4- 6 || total
-------------------------+-------+-------++-------
Melee: Dagger            |    77 |       ||    77
       Short sword       |    30 |    40 ||    70
       Falchion          |       |    16 ||    16
 Cast: Freeze            |    29 |    13 ||    42
       Throw Frost       |     1 |     7 ||     8
  Use: Scroll            |       |     2 ||     2
 Stab: Sleeping          |     5 |     1 ||     6
  Eat: Chunk             |     2 |     4 ||     6
Armor: Robe              |    16 |       ||    16
       Leather armour    |    35 |    11 ||    46
Dodge: Dodged            |    95 |    29 ||   124
